 Dungeon Crawl Stone Soup version 0.28-a0-697-g47f3eba078 (webtiles) character file.

Game seed: 9267204722587991151

44 Demosthentine the Poker (level 3, -3/28 HPs)
             Began as a Merfolk Gladiator on Oct 23, 2021.
             Slain by Robin (6 damage)
             ... on level 2 of the Dungeon.
             The game lasted 00:01:00 (1213 turns).

Demosthentine the Poker (Merfolk Gladiator)         Turns: 1213, Time: 00:01:01

Health: -3/28      AC:  4    Str: 15    XL:     3   Next: 60%
Magic:  3/3        EV: 13    Int:  7    God:
Gold:   30         SH:  0    Dex: 15    Spells: 2/2 levels left

rFire   . . .      SeeInvis .   a - +0 trident
rCold   . . .      Faith    .   (no shield)
rNeg    . . .      Spirit   .   b - +0 leather armour
rPois   .          Reflect  .   c - +0 helmet
rElec   .          Harm     .   (no cloak)
rCorr   .          Rampage  .   (no gloves)
Will    .....                   (no boots)
Stlth   +.........              (no amulet)
HPRegen 0.09/turn               (no ring)
MPRegen 0.08/turn               (no ring)

@: no status effects
A: (nimble swimmer 2), mertail
a: no special abilities


You were on level 2 of the Dungeon.
You visited 1 branch of the dungeon, and saw 3 of its levels.

You collected 30 gold pieces.

Inventory:

Hand Weapons
 a - a +0 trident (weapon)
Missiles
 d - 3 throwing nets (quivered)
Armour
 b - a +0 leather armour (worn)
 c - a +0 helmet (worn)
Jewellery
 h - a ring of poison resistance
Wands
 e - a wand of mindburst (12)
Potions
 f - a potion of brilliance {unknown}
 g - a potion of mutation {unknown}


   Skills:
 + Level 2.8 Fighting
 + Level 5.0 Polearms
 - Level 2.0 Throwing
 + Level 1.0 Armour
 + Level 4.5 Dodging


You had 2 spell levels left.
You didn't know any spells.
Your spell library was empty.

Dungeon Overview and Level Annotations

Branches:
Dungeon (3/15)

Altars:

Annotations:
D:2 Robin


Innate Abilities, Weirdness & Mutations

((You are quick and stealthy near water. (Stealth+, EV+, Speed+++)))
Your lower body shifts to a powerful aquatic tail in water.


Message History

You hit the goblin.
You kill the goblin!
You closely miss the goblin. The goblin barely misses you.
You closely miss the goblin. The goblin hits you with a +0 dagger.
Robin throws the goblin at you! The goblin misses you.
You see here a +0 club.
The goblin barely misses you.
There is an open door here.
Things that are here:
a +0 dagger; a goblin corpse
There is an escape hatch in the floor here.
The goblin no longer looks unusually strong.
The goblin barely misses you. The goblin hits you with a +0 dagger.
The goblin closely misses you.
You hit the goblin.
You kill the goblin!
The goblin closely misses you.
You barely miss the goblin.
Robin roars a battlecry!
The goblins go into a battle-frenzy!
The goblin hits you with a +0 dagger.
* * * LOW HITPOINT WARNING * * *
You puncture the goblin!
You kill the goblin!
Robin throws the goblin at you! The goblin hits you with a +0 dagger.
* * * LOW HITPOINT WARNING * * *
You barely miss the goblin. The hobgoblin barely misses you.
The goblin barely misses you.
Unknown command.
You closely miss the goblin. Robin barely misses you.
The hobgoblin barely misses you. The goblin hits you with a +0 dagger.
* * * LOW HITPOINT WARNING * * *
Unknown command.
You puncture the goblin!
You kill the goblin!
Robin hits you from afar with a +0 spear.
* * * LOW HITPOINT WARNING * * *
The hobgoblin barely misses you.
Robin hits you from afar with a +0 spear.
You die...

#####.#..# #.#
#....#g#
#.##.###.#
#....#)#
######.##.....#
#....#)#
#......##..#..#
#....#.#
......######..#..#
#....#)# .#...
##.#..###...gg.#
#..
#......#...)### #.
#####..#.#.#..>.#
..
#.)@gg...#.#....#
.
#.#####..#g....##
#.# #..########
#.# #.>.......+
#.# ###########
#.# #.....# #.#
###.###.#
#.#####..##..##
#..รท.#........##


You could see Robin and a hobgoblin (strong).

Vanquished Creatures
  4 ball pythons
  2 endoplasms
  3 giant cockroaches
  5 hobgoblins
  A kobold (D:1)
  2 quokkas (D:1)
  5 bats
  7 frilled lizards
  9 goblins
  3 rats
41 creatures vanquished.

Vanquished Creatures (others)
  5 fungi (D:3)
  A plant (D:3)
6 creatures vanquished.

Grand Total: 47 creatures vanquished

Notes
Turn   | Place    | Note
-------+----------+-------------------------------------------
     0 | D:1      | Demosthentine the Merfolk Gladiator began the quest for the
                  | Orb.
     0 | D:1      | Reached XP level 1. HP: 16/16 MP: 1/1
    49 | D:1      | Reached XP level 2. HP: 16/23 MP: 2/2
   832 | D:2      | Reached XP level 3. HP: 28/28 MP: 3/3
  1059 | D:2      | You fall into a shaft and drop 1 floor!
  1103 | D:3      | Reached skill level 1 in Armour
  1173 | D:2      | Noticed Robin
  1180 | D:2      | Reached skill level 5 in Polearms
  1213 | D:2      | Slain by Robin

Illustrated notes

Levels and vault maps discovered:
D:1:      amcnicky_arrival_single_pillar, layout_rooms
D:2:      layout_basic, st_stairs_5, uniq_robin
D:3:      layout_loops_cross, shapermc_ecumenical_altar_gd, serial_bayou_pond_e

Skill      XL: |  1  2  3 |
---------------+----------+-----
Armour         | 1 |  1.0
Polearms       | 5 |  5.0
Fighting       | |  2.8
Throwing       | |  2.0
Dodging        | |  4.5

Action                   || total
-------------------------++-------
Melee: Trident           ||   126
  Use: Scroll            ||     1
 Stab: Distracted        ||     1
       Sleeping          ||     1
Armor: Leather armour    ||    27
Dodge: Dodged            ||    73

Table legend: (Time is in decaauts)
 A = Elapsed time spent in this place.
 B = Non-inter-level travel time spent in this place.
 C = Inter-level travel time spent in this place.
 D = Time resting spent in this place.
 E = Time spent auto-exploring this place.
 F = Levels seen in this place.
 G = Mean time per level.
                   A        B        C        D        E       F      G
               +--------+--------+--------+--------+--------+-----+--------+
         Total |   1221 |   1199 |     22 |      0 |    940 |   3 |  407.0 |
       Dungeon |   1221 |   1199 |     22 |      0 |    940 |   3 |  407.0 |
               +--------+--------+--------+--------+--------+-----+--------+

Top non-repeatable levels by time:
     D:1: 829 daAuts
     D:2: 321 daAuts
     D:3: 70 daAuts
